2606 views
Uploaded 2021-10-02 07:55:28
Game version 1.32.10
22:02 long 3on3 ladder game on (6)GnollWood
Saved by xzz
2606 views
Uploaded 2021-10-02 07:55:28
Game version 1.32.10
22:02 long 3on3 ladder game on (6)GnollWood


55 units @ 5.1k
/ 0.7k
75 buildings @ 6.9k
/ 3.2k
| Right click | 2 |
| Select | 1 |
xzz
(96)
(22:01) : 
| Healing Salve | 1 | 100 |
| Scroll of Speed | 1 | 50 |
| Potion of Healing | 1 | 150 |
| total: | 3 | 300g |
| Peon | 18 | 1350 | / | 0 |
| Peasant | 27 | 2025 | / | 0 |
| Mortar Team | 9 | 1620 | / | 630 |
| Flying Machine | 1 | 100 | / | 30 |
| total: | 55 | 5095g | / | 660w |
| Watch Tower | 15 | 1650 | / | 1200 |
| Altar of Storms | 2 | 360 | / | 100 |
| Orc Burrow | 5 | 800 | / | 200 |
| War Mill | 2 | 410 | / | 0 |
| Voodoo Lounge | 1 | 130 | / | 30 |
| Barracks | 2 | 360 | / | 100 |
| Stronghold | 2 | 630 | / | 380 |
| Scout Tower | 27 | 810 | / | 540 |
| Arcane Tower | 7 | 490 | / | 350 |
| Guard Tower | 4 | 280 | / | 200 |
| Altar of Kings | 1 | 180 | / | 50 |
| Farm | 13 | 1040 | / | 260 |
| Lumber Mill | 1 | 120 | / | 0 |
| Arcane Vault | 1 | 130 | / | 30 |
| Blacksmith | 1 | 140 | / | 60 |
| Town Hall | 1 | 385 | / | 205 |
| Cannon Tower | 4 | 480 | / | 400 |
| Workshop | 3 | 420 | / | 420 |
| Keep | 2 | 640 | / | 420 |
| total: | 75 | 6935g | / | 3195w |
| 0:04 | Peon |
| 0:04 | Peon |
| 0:10 | Altar of Storms |
| 0:12 | Orc Burrow |
| 0:25 | Altar of Kings |
| 0:27 | Farm |
| 0:31 | Peasant |
| 0:31 | Peasant |
| 0:31 | Peasant |
| 0:31 | Peasant |
| 0:31 | Peasant |
| 0:32 | Peasant |
| 0:32 | Peasant |
| 0:37 | Peon |
| 0:37 | Peon |
| 0:42 | Altar of Storms |
| 0:44 | Orc Burrow |
| 0:52 | War Mill |
| 0:54 | Peon |
| 0:58 | Peasant |
| 1:02 | Farm |
| 1:12 | Scout Tower |
| 1:16 | Peon |
| 1:16 | Peon |
| 1:20 | War Mill |
| 1:22 | Peon |
| 1:23 | Peon |
| 1:23 | Peon |
| 1:35 | Peasant |
| 1:36 | Peasant |
| 1:36 | Peasant |
| 2:10 | Watch Tower |
| 2:13 | Watch Tower |
| 2:23 | Peasant |
| 2:27 | Summon Water Elemental |
| 2:48 | Arcane Tower |
| 2:54 | Scout Tower |
| 2:56 | Scout Tower |
| 2:56 | Scout Tower |
| 2:56 | Scout Tower |
| 2:59 | Lumber Mill |
| 3:04 | Farm |
| 3:08 | Watch Tower |
| 3:11 | Watch Tower |
| 3:11 | Watch Tower |
| 3:11 | Watch Tower |
| 3:12 | Watch Tower |
| 3:12 | Watch Tower |
| 3:12 | Watch Tower |
| 3:12 | Watch Tower |
| 3:14 | Peon |
| 3:15 | Peon |
| 3:15 | Peon |
| 3:15 | Peon |
| 3:19 | Watch Tower |
| 3:27 | Orc Burrow |
| 3:33 | Orc Burrow |
| 3:37 | Arcane Tower |
| 3:40 | Peasant |
| 3:40 | Peasant |
| 3:43 | Farm |
| 3:43 | Farm |
| 3:44 | Farm |
| 4:01 | Orc Burrow |
| 4:21 | Guard Tower |
| 4:38 | Feral Spirit |
| 5:13 | Watch Tower |
| 5:17 | Stronghold |
| 5:24 | Keep |
| 5:26 | Scout Tower |
| 5:26 | Scout Tower |
| 5:27 | Scout Tower |
| 5:27 | Scout Tower |
| 5:27 | Scout Tower |
| 5:40 | Voodoo Lounge |
| 5:50 | Arcane Vault |
| 5:54 | Blacksmith |
| 5:58 | Arcane Tower |
| 6:06 | Watch Tower |
| 6:30 | Watch Tower |
| 6:42 | Farm |
| 6:43 | Farm |
| 6:47 | Guard Tower |
| 6:52 | Healing Salve |
| 7:15 | Watch Tower |
| 7:20 | Scroll of Speed |
| 7:49 | Workshop |
| 7:53 | Improved Lumber Harvesting |
| 7:53 | Peasant |
| 7:53 | Peasant |
| 7:54 | Peasant |
| 7:58 | Workshop |
| 8:01 | Improved Masonry |
| 8:05 | Scout Tower |
| 8:11 | Peasant |
| 8:11 | Peasant |
| 8:13 | Peon |
| 8:14 | Peon |
| 8:14 | Peon |
| 8:14 | Peon |
| 8:17 | Barracks |
| 9:13 | Barracks |
| 9:42 | Mortar Team |
| 9:42 | Mortar Team |
| 9:42 | Mortar Team |
| 10:05 | Workshop |
| 10:08 | Advanced Masonry |
| 10:13 | Scout Tower |
| 10:15 | Scout Tower |
| 10:15 | Scout Tower |
| 10:16 | Scout Tower |
| 10:16 | Scout Tower |
| 10:16 | Scout Tower |
| 10:17 | Scout Tower |
| 10:17 | Scout Tower |
| 10:27 | Potion of Healing |
| 10:34 | Black Gunpowder |
| 10:34 | Studded Leather Armor |
| 11:02 | Mortar Team |
| 11:15 | Farm |
| 11:19 | Farm |
| 11:20 | Farm |
| 11:22 | Farm |
| 11:29 | Arcane Tower |
| 11:32 | Cannon Tower |
| 11:32 | Cannon Tower |
| 12:15 | Mortar Team |
| 12:15 | Mortar Team |
| 12:33 | Mortar Team |
| 12:33 | Mortar Team |
| 12:33 | Mortar Team |
| 13:42 | Peasant |
| 13:42 | Peasant |
| 14:12 | Arcane Tower |
| 14:13 | Arcane Tower |
| 14:15 | Peasant |
| 14:15 | Peasant |
| 14:15 | Peasant |
| 14:16 | Peasant |
| 14:16 | Peasant |
| 14:33 | Advanced Lumber Harvesting |
| 14:39 | Scout Tower |
| 14:41 | Scout Tower |
| 14:41 | Scout Tower |
| 14:42 | Scout Tower |
| 14:43 | Scout Tower |
| 14:43 | Scout Tower |
| 14:44 | Scout Tower |
| 14:45 | Scout Tower |
| 14:49 | Peasant |
| 15:10 | Guard Tower |
| 15:45 | Arcane Tower |
| 16:57 | Town Hall |
| 17:07 | Flying Machine |
| 19:17 | Farm |
| Chat | 725 |
| Right click | 548 |
| Select | 345 |
| Build/train/purchase | 139 |
| Resource trade | 32 |
| Select group | 30 |
| Assign group | 8 |
| Use ability | 6 |
| Esc | 4 |
| Misc. action | 1 |
68 units @ 10.5k
/ 1.5k
59 buildings @ 7.3k
/ 3.1k



| Potion of Healing | 1 | 150 |
| Boots of Speed | 1 | 250 |
| Staff of Teleportation | 2 | 300 |
| Circlet of Nobility | 2 | 350 |
| Orb of Corruption | 3 | 1125 |
| total: | 9 | 2175g |
| Peasant | 14 | 1050 | / | 0 |
| Gryphon Rider | 2 | 560 | / | 140 |
| Dragonhawk Rider | 2 | 400 | / | 60 |
| total: | 18 | 2010g | / | 200w |
| Scout Tower | 7 | 210 | / | 140 |
| Arcane Tower | 3 | 210 | / | 150 |
| Guard Tower | 4 | 280 | / | 200 |
| Lumber Mill | 1 | 120 | / | 0 |
| Altar of Kings | 1 | 180 | / | 50 |
| Farm | 13 | 1040 | / | 260 |
| Blacksmith | 1 | 140 | / | 60 |
| Arcane Vault | 1 | 130 | / | 30 |
| Gryphon Aviary | 2 | 280 | / | 300 |
| Keep | 1 | 320 | / | 210 |
| Castle | 1 | 360 | / | 210 |
| total: | 26 | 2100g | / | 840w |
| 0:02 | Peasant |
| 0:03 | Peasant |
| 0:18 | Peasant |
| 0:19 | Peasant |
| 0:30 | Lumber Mill |
| 0:56 | Peasant |
| 1:00 | Scout Tower |
| 1:02 | Scout Tower |
| 1:03 | Scout Tower |
| 1:08 | Peasant |
| 1:23 | Peasant |
| 1:27 | Arcane Tower |
| 1:31 | Guard Tower |
| 2:01 | Scout Tower |
| 2:02 | Scout Tower |
| 2:16 | Peasant |
| 2:16 | Peasant |
| 2:20 | Peasant |
| 2:27 | Altar of Kings |
| 2:37 | Guard Tower |
| 2:45 | Farm |
| 2:54 | Peasant |
| 2:57 | Arcane Tower |
| 3:01 | Scout Tower |
| 3:09 | Peasant |
| 3:09 | Peasant |
| 3:27 | Peasant |
| 3:29 | Guard Tower |
| 3:32 | Improved Lumber Harvesting |
| 3:32 | Advanced Lumber Harvesting |
| 3:47 | Black Arrow |
| 3:57 | Farm |
| 5:03 | Keep |
| 5:11 | Improved Masonry |
| 5:13 | Scout Tower |
| 5:16 | Farm |
| 5:27 | Boots of Speed |
| 6:30 | Guard Tower |
| 7:03 | Blacksmith |
| 7:39 | Life Drain |
| 8:10 | Castle |
| 8:14 | Gryphon Aviary |
| 8:20 | Gryphon Aviary |
| 8:22 | Iron Forged Swords |
| 8:22 | Studded Leather Armor |
| 10:14 | Arcane Vault |
| 10:18 | Advanced Masonry |
| 11:06 | Staff of Teleportation |
| 11:20 | Orb of Corruption |
| 11:39 | Summon Lava Spawn |
| 11:42 | Staff of Teleportation |
| 13:51 | Orb of Corruption |
| 14:06 | Orb of Corruption |
| 14:15 | Forked Lightning |
| 14:20 | Circlet of Nobility |
| 14:50 | Circlet of Nobility |
| 15:37 | Black Arrow |
| 16:37 | Potion of Healing |
| 16:56 | Farm |
| 16:56 | Farm |
| 16:57 | Farm |
| 16:58 | Farm |
| 16:58 | Farm |
| 17:00 | Farm |
| 17:03 | Farm |
| 17:03 | Farm |
| 17:05 | Farm |
| 17:08 | Steel Forged Swords |
| 17:09 | Reinforced Leather Armor |
| 17:10 | Cloud |
| 17:55 | Gryphon Rider |
| 17:56 | Storm Hammers |
| 18:17 | Dragonhawk Rider |
| 21:51 | Gryphon Rider |
| 21:52 | Dragonhawk Rider |
| 21:56 | Farm |
| 21:58 | Mithril Forged Swords |
| 21:58 | Dragonhide Armor |
| Right click | 570 |
| Select | 393 |
| Misc. action | 77 |
| Build/train/purchase | 70 |
| Assign group | 19 |
| Use ability | 12 |
| Item give/drop | 9 |
| Remove unit | 2 |
| Select group | 2 |
| Esc | 1 |
| Minimap ping | 1 |


| Rod of Necromancy | 2 | 300 |
| Potion of Healing | 1 | 150 |
| Sacrificial Skull | 1 | 50 |
| total: | 4 | 500g |
| Acolyte | 2 | 150 | / | 0 |
| Ghoul | 3 | 360 | / | 0 |
| Crypt Fiend | 10 | 2150 | / | 400 |
| Meat Wagon | 7 | 1610 | / | 350 |
| Frost Wyrm | 1 | 385 | / | 120 |
| total: | 23 | 4655g | / | 870w |
| Crypt | 1 | 200 | / | 50 |
| Graveyard | 2 | 430 | / | 0 |
| Altar of Darkness | 2 | 360 | / | 100 |
| Ziggurat | 6 | 900 | / | 300 |
| Tomb of Relics | 1 | 130 | / | 30 |
| Slaughterhouse | 2 | 280 | / | 270 |
| Boneyard | 1 | 175 | / | 200 |
| Halls of the Dead | 2 | 640 | / | 420 |
| Black Citadel | 1 | 325 | / | 230 |
| total: | 15 | 2475g | / | 950w |
| 0:01 | Acolyte |
| 0:02 | Acolyte |
| 0:19 | Crypt |
| 0:22 | Graveyard |
| 0:24 | Graveyard |
| 0:49 | Altar of Darkness |
| 0:50 | Altar of Darkness |
| 0:57 | Ziggurat |
| 1:20 | Ghoul |
| 1:37 | Tomb of Relics |
| 1:53 | Crypt Fiend |
| 2:08 | Ziggurat |
| 2:25 | Crypt Fiend |
| 2:51 | Rod of Necromancy |
| 2:54 | Death Coil |
| 3:03 | Crypt Fiend |
| 3:25 | Crypt Fiend |
| 3:51 | Crypt Fiend |
| 3:54 | Ziggurat |
| 4:02 | Unholy Aura |
| 4:46 | Crypt Fiend |
| 5:03 | Ghoul |
| 5:21 | Halls of the Dead |
| 5:33 | Death Coil |
| 6:05 | Ziggurat |
| 6:26 | Ghoul |
| 6:48 | Creature Carapace |
| 7:27 | Crypt Fiend |
| 7:38 | Ziggurat |
| 7:46 | Slaughterhouse |
| 7:51 | Web |
| 8:14 | Unholy Aura |
| 8:38 | Burrow |
| 8:45 | Frost Nova |
| 8:50 | Rod of Necromancy |
| 8:50 | Potion of Healing |
| 8:52 | Sacrificial Skull |
| 9:11 | Meat Wagon |
| 9:37 | Crypt Fiend |
| 9:59 | Meat Wagon |
| 10:00 | Ziggurat |
| 10:17 | Black Citadel |
| 10:55 | Meat Wagon |
| 11:08 | Unholy Strength |
| 12:21 | Frost Armor |
| 12:48 | Unholy Aura |
| 12:58 | Crypt Fiend |
| 13:40 | Meat Wagon |
| 13:40 | Meat Wagon |
| 14:18 | Meat Wagon |
| 14:20 | Slaughterhouse |
| 14:22 | Boneyard |
| 14:41 | Creature Attack |
| 14:53 | Frost Nova |
| 15:04 | Meat Wagon |
| 16:22 | Frost Wyrm |
| 16:24 | Crypt Fiend |
| Select group | 3563 |
| Right click | 1513 |
| Select | 469 |
| Misc. action | 456 |
| Chat | 185 |
| Build/train/purchase | 81 |
| Assign group | 28 |
| Use ability | 24 |
| Minimap ping | 8 |


| Circlet of Nobility | 1 | 175 |
| total: | 1 | 175g |
| Acolyte | 9 | 675 | / | 0 |
| Ghoul | 4 | 480 | / | 0 |
| Crypt Fiend | 4 | 860 | / | 160 |
| Obsidian Statue | 6 | 1200 | / | 210 |
| Necromancer | 4 | 580 | / | 80 |
| total: | 27 | 3795g | / | 450w |
| Nerubian Tower | 1 | 100 | / | 20 |
| Spirit Tower | 4 | 580 | / | 160 |
| Crypt | 1 | 200 | / | 50 |
| Altar of Darkness | 1 | 180 | / | 50 |
| Ziggurat | 9 | 1350 | / | 450 |
| Graveyard | 1 | 215 | / | 0 |
| Tomb of Relics | 1 | 130 | / | 30 |
| Temple of the Damned | 1 | 155 | / | 140 |
| Slaughterhouse | 3 | 420 | / | 405 |
| Sacrificial Pit | 1 | 75 | / | 150 |
| Halls of the Dead | 1 | 320 | / | 210 |
| Black Citadel | 1 | 325 | / | 230 |
| total: | 18 | 2725g | / | 1275w |
| 0:02 | Acolyte |
| 0:24 | Crypt |
| 0:31 | Altar of Darkness |
| 0:39 | Ziggurat |
| 0:42 | Acolyte |
| 1:10 | Graveyard |
| 1:33 | Ghoul |
| 1:54 | Ziggurat |
| 2:08 | Ghoul |
| 2:19 | Ghoul |
| 2:23 | Nerubian Tower |
| 2:30 | Tomb of Relics |
| 2:49 | Carrion Beetles |
| 3:18 | Halls of the Dead |
| 3:22 | Ghoul |
| 3:29 | Ziggurat |
| 4:56 | Spirit Tower |
| 4:58 | Spirit Tower |
| 5:57 | Temple of the Damned |
| 5:59 | Acolyte |
| 6:07 | Circlet of Nobility |
| 6:11 | Crypt Fiend |
| 6:11 | Crypt Fiend |
| 6:16 | Slaughterhouse |
| 7:08 | Black Citadel |
| 7:11 | Slaughterhouse |
| 7:16 | Slaughterhouse |
| 7:19 | Obsidian Statue |
| 7:22 | Necromancer |
| 8:02 | Necromancer |
| 8:03 | Crypt Fiend |
| 8:06 | Necromancer |
| 8:40 | Spiked Carapace |
| 10:11 | Crypt Fiend |
| 10:14 | Destroyer Form |
| 10:14 | Obsidian Statue |
| 10:16 | Necromancer |
| 10:16 | Skeletal Mastery |
| 10:29 | Carrion Beetles |
| 11:00 | Obsidian Statue |
| 11:03 | Creature Attack |
| 11:14 | Ziggurat |
| 11:32 | Ziggurat |
| 11:35 | Ziggurat |
| 11:36 | Ziggurat |
| 13:24 | Obsidian Statue |
| 13:25 | Acolyte |
| 13:26 | Acolyte |
| 13:26 | Acolyte |
| 13:28 | Acolyte |
| 13:32 | Improved Creature Attack |
| 13:54 | Obsidian Statue |
| 14:00 | Spirit Tower |
| 14:45 | Spiked Carapace |
| 14:47 | Death Coil |
| 15:13 | Obsidian Statue |
| 15:33 | Creature Carapace |
| 17:18 | Ziggurat |
| 17:20 | Ziggurat |
| 18:29 | Advanced Creature Attack |
| 18:29 | Improved Creature Carapace |
| 19:29 | Sacrificial Pit |
| 19:35 | Spirit Tower |
| 20:54 | Acolyte |
| 20:54 | Acolyte |
| Right click | 681 |
| Select | 321 |
| Select group | 178 |
| Build/train/purchase | 99 |
| Misc. action | 54 |
| Assign group | 29 |
| Use ability | 4 |
| Minimap ping | 3 |
| Remove unit | 1 |
⇛